 Dungeon Crawl Stone Soup version 0.24-a0-139-geb6712d (webtiles) character file.

Game seed: 11480015160226852116

5157 Lanoc the Carver (level 10, -1/73 HPs)
             Began as a Gnoll Chaos Knight on Mar 4, 2019.
             Was a Plaything of Xom.
             Slain by a bullfrog (8 damage)
             ... on level 9 of the Dungeon.
             The game lasted 00:18:46 (7830 turns).

Lanoc the Carver (Gnoll Chaos Knight)               Turns: 7830, Time: 00:18:46

Health: -1/73      AC:  9    Str: 20 (21) XL:     10   Next: 59%
Magic:  18/18      EV: 20    Int: 14      God:    Xom [..*...]
Gold:   342        SH:  0    Dex: 18      Spells: 17/19 levels left

rFire    . . .     SeeInvis +   a - +0 falchion (chaos)
rCold    . . .     Gourm    .   (no shield)
rNeg     . . .     Faith    .   b - +2 leather armour
rPois    .         Spirit   .   j - +0 helmet {SInv}
rElec    .         Reflect  .   (no cloak)
rCorr    .         Harm     .   (no gloves)
MR       .....                  (no boots)
Stlth    ++........             y - amulet of magic regeneration
HPRegen  0.22/turn              (no ring)
MPRegen  0.41/turn              (no ring)

@: confused, mighty, agile, lightly drained
A: distributed training, fangs 1, thin metallic scales 1, clumsy 1, dopey 1,
frail 1, screaming 1, strong nose
a: Renounce Religion


You were on level 9 of the Dungeon.
You worshipped Xom.
You were a toy of Xom.
You were not hungry.

You visited 2 branches of the dungeon, and saw 10 of its levels.
You also visited: Sewer.

You collected 342 gold pieces.

Inventory:

Hand Weapons
 a - a +0 falchion of chaos (weapon)
 s - a +2 whip of flaming
 E - a +0 blowgun
Missiles
 f - 13 sling bullets
 q - 231 arrows
 F - 27 poisoned needles
Armour
 b - a +2 leather armour (worn)
 j - a +0 helmet of see invisible (worn)
 n - a +0 plate armour
Jewellery
 y - an amulet of magic regeneration (around neck)
Wands
 d - a wand of paralysis (10)
 p - a wand of acid (9)
 w - a wand of disintegration (17)
 B - a wand of enslavement (9)
 G - a wand of iceblast (4)
Scrolls
 k - a scroll of enchant armour {unknown}
 l - 2 scrolls of blinking {unknown}
 r - 2 scrolls of magic mapping {unknown}
 t - 2 scrolls of teleportation {unknown}
 u - a scroll of amnesia {unknown}
 v - a scroll of summoning {unknown}
 x - a scroll of fog {unknown}
 z - 3 scrolls of remove curse
 C - a scroll of immolation {unknown}
 D - a scroll of holy word {unknown}
 H - a scroll of enchant weapon {unknown}
 J - a scroll of identify
Potions
 e - a potion of lignification
 g - a potion of curing
 h - 2 potions of flight
 i - a potion of might
 m - a potion of invisibility {unknown}
Miscellaneous
 o - a phantom mirror
Comestibles
 c - 23 rations


   Skills:
 + Level 8.5(8.1) Fighting
 + Level 5.3(4.9) Short Blades
 + Level 8.5(8.1) Long Blades
 + Level 5.3(4.9) Axes
 + Level 5.3(4.9) Maces & Flails
 + Level 5.3(4.9) Polearms
 + Level 5.3(4.9) Staves
 + Level 5.3(4.9) Slings
 + Level 5.3(4.9) Bows
 + Level 5.3(4.9) Crossbows
 + Level 5.3(4.9) Throwing
 + Level 7.1(6.6) Armour
 + Level 6.0(5.5) Dodging
 + Level 5.3(4.9) Stealth
 + Level 5.3(4.9) Shields
 + Level 5.3(4.9) Unarmed Combat
 + Level 5.3(4.9) Spellcasting
 + Level 4.4(4.0) Conjurations
 + Level 4.4(4.0) Hexes
 + Level 4.4(4.0) Charms
 + Level 4.4(4.0) Summonings
 + Level 4.4(4.0) Necromancy
 + Level 4.4(4.0) Translocations
 + Level 4.4(4.0) Transmutations
 + Level 4.4(4.0) Fire Magic
 + Level 4.4(4.0) Ice Magic
 + Level 4.4(4.0) Air Magic
 + Level 4.4(4.0) Earth Magic
 + Level 4.4(4.0) Poison Magic
 + Level 5.8(5.4) Invocations
 + Level 5.3(4.9) Evocations


You had 17 spell levels left.
You knew the following spells:

 Your Spells              Type           Power        Failure   Level  Hunger
a - Sticks to Snakes      Tmut           ##......     6%          2    ##.....

Your spell library contained the following spells:

 Spells                   Type           Power        Failure   Level  Hunger
 Beastly Appendage        Tmut           ##....       4%          1    None
 Spider Form              Tmut/Pois      ##........   12%         3    ###....
 Ice Form                 Ice/Tmut       ##......     36%         4    ####...
 Blade Hands              Tmut           ##........   73%         5    ######.


Dungeon Overview and Level Annotations

Branches:
Dungeon (9/15)             Temple (1/1) D:5
   Lair: D:8-11         Orc: D:9-12

Altars:
Ashenzari
Cheibriados
Dithmenos
Elyvilon
Fedhas
Gozag
Hepliaklqana
Kikubaaqudgha
Nemelex Xobeh
Okawaru
Qazlal
Ru
Sif Muna
Trog
Uskayaw
Vehumet
Wu Jian
Xom
Yredelemnul
Zin
The Shining One

Shops:
D:7 =

Annotations:
D:6 2 transporters, Anon1729's ghost, amateur OpFi


Innate Abilities, Weirdness & Mutations

Your experience applies equally to all skills.
You have very sharp teeth.
Your uncanny sense of smell can sniff out nearby items.
You are partially covered in thin metallic scales. (AC +2)
You are clumsy. (Dex -2)
You are dopey. (Int -2)
You are frail. (-10% HP)
You occasionally shout uncontrollably at your foes.


Message History

The hound skeleton misses you. The troll completely misses you.
You riposte.
You hit the troll.
The troll is moving more slowly.
The troll is lightly wounded.
The troll claws you!
* * * LOW HITPOINT WARNING * * *
The troll completely misses you. The hound skeleton misses you.
The hound skeleton closely misses you.
You riposte.
You barely miss the hound skeleton.
The hound skeleton is lightly damaged.
The bullfrog barely misses you.
Xom's power touches on your mind for a moment.
You are confused.
You are now a toy of Xom.
The troll stops moving altogether!
The hound skeleton completely misses you.
The bullfrog hits you.
* * * LOW HITPOINT WARNING * * *
You bump into the rock wall.
The bullfrog hits you!
You die...
Xom howls with laughter!

,#....#÷#...#, #....#.....#######
### , #....#÷..........+ #####..
, #....'...........# ........
########...<...###.#####....##...
............T..# #.....†....##...
...............# #...##.....##...
...)...........###...# .....##...
##.............Z@....# .....##...
...............F.................
#################################


You could see a troll (petrified), a bullfrog and a hound skeleton.

Vanquished Creatures
  Pikel (D:4)
  A hippogriff (D:8)
  3 yaks
  2 soldier ants (D:8)
  Edmund (D:4)
  2 water moccasins
  2 black bears
  3 sky beasts
  A phantom (D:8)
  A slave (D:4)
  2 ogres (D:7)
  A boggart (D:7)
  9 centaurs
  2 big kobolds (D:9)
  3 bullfrogs
  A water moccasin skeleton (D:7)
  A wyvern skeleton (D:7)
  6 killer bees (D:8)
  A howler monkey (D:6)
  4 crimson imps
  A centaur zombie (D:7)
  4 bullfrog zombies
  4 orc priests
  4 hounds
  3 orc wizards
  2 iguanas
  An iron imp (D:8)
  Terence (D:2)
  6 worker ants
  Robin (D:3)
  A worker ant zombie (D:8)
  A howler monkey skeleton (D:5)
  4 gnolls (D:5)
  8 adders
  2 shadow imps (D:8)
  3 adder zombies
  3 adder skeletons
  3 worms
  A dart slug (D:4)
  4 leopard geckos
  39 orcs
  7 bats
  10 giant cockroaches
  11 goblins
  4 hobgoblins
  4 jackals
  A quokka (D:9)
  2 ball pythons
  A goblin skeleton (D:8)
  4 hobgoblin zombies (D:8)
  20 kobolds
  A kobold skeleton (D:8)
  3 kobold zombies (D:8)
  An orc zombie (D:8)
  A quokka skeleton (D:6)
  6 rats (D:3)
219 creatures vanquished.

Vanquished Creatures (collateral kills)
  Prince Ribbit (D:5)
  Purgy (Sewer)
  A kobold (Sewer)
3 creatures vanquished.

Vanquished Creatures (others)
  2 worker ants
  A worker ant zombie (D:8)
  An orc (D:8)
4 creatures vanquished.

Grand Total: 226 creatures vanquished

Notes
Turn   | Place    | Note
-------+----------+-------------------------------------------
     0 | D:1      | Lanoc the Gnoll Chaos Knight began the quest for the Orb.
     0 | D:1      | Reached XP level 1. HP: 23/23 MP: 1/1
    22 | D:1      | XOM: harmless Hex miscast
    90 | D:2      | Noticed Terence
    94 | D:2      | Reached XP level 2. HP: 28/29 MP: 2/2
    97 | D:2      | XOM: potion effect (berserk rage)
   106 | D:2      | Killed Terence
   106 | D:2      | Reached skill level 1 in Invocations
   106 | D:2      | Reached XP level 3. HP: 35/35 MP: 2/4
   125 | D:2      | XOM: harmless Tloc miscast
   208 | D:2      | Reached skill level 1 in Short Blades
   208 | D:2      | Reached skill level 1 in Axes
   208 | D:2      | Reached skill level 1 in Maces & Flails
   208 | D:2      | Reached skill level 1 in Polearms
   208 | D:2      | Reached skill level 1 in Staves
   208 | D:2      | Reached skill level 1 in Slings
   208 | D:2      | Reached skill level 1 in Bows
   208 | D:2      | Reached skill level 1 in Crossbows
   208 | D:2      | Reached skill level 1 in Throwing
   208 | D:2      | Reached skill level 1 in Stealth
   208 | D:2      | Reached skill level 1 in Shields
   208 | D:2      | Reached skill level 1 in Unarmed Combat
   208 | D:2      | Reached skill level 1 in Spellcasting
   208 | D:2      | Reached skill level 1 in Evocations
   258 | D:2      | Found an iron altar of Okawaru.
   337 | D:3      | Reached XP level 4. HP: 41/41 MP: 5/5
   439 | D:3      | Reached skill level 1 in Conjurations
   439 | D:3      | Reached skill level 1 in Hexes
   439 | D:3      | Reached skill level 1 in Charms
   439 | D:3      | Reached skill level 1 in Summonings
   439 | D:3      | Reached skill level 1 in Necromancy
   439 | D:3      | Reached skill level 1 in Translocations
   439 | D:3      | Reached skill level 1 in Transmutations
   439 | D:3      | Reached skill level 1 in Fire Magic
   439 | D:3      | Reached skill level 1 in Ice Magic
   439 | D:3      | Reached skill level 1 in Air Magic
   439 | D:3      | Reached skill level 1 in Earth Magic
   439 | D:3      | Reached skill level 1 in Poison Magic
   489 | D:3      | Noticed Robin
   493 | D:3      | Reached XP level 5. HP: 45/47 MP: 6/6
   516 | D:3      | Killed Robin
   517 | D:3      | Found a basalt altar of Yredelemnul.
   599 | D:3      | Found a glowing drain.
   629 | Sewer    | Entered a sewer
   798 | Sewer    | Noticed Purgy
   820 | Sewer    | Killed Purgy
   890 | D:3      | Reached XP level 6. HP: 35/53 MP: 8/8
  1089 | D:3      | Found a sacrificial altar of Ru.
  1225 | D:4      | Found a hide-covered altar of Uskayaw.
  1225 | D:4      | Noticed a +0 hand axe
  1225 | D:4      | Noticed a +0 hand axe
  1225 | D:4      | Noticed Pikel
  1225 | D:4      | Noticed a slave
  1226 | D:4      | Noticed a slave
  1226 | D:4      | Noticed a slave
  1231 | D:4      | Noticed a slave
  1234 | D:4      | Killed a slave
  1246 | D:4      | Killed Pikel
  1246 | D:4      | Reached skill level 5 in Armour
  1246 | D:4      | Reached XP level 7. HP: 42/60 MP: 8/10
  1487 | D:4      | Noticed Edmund
  1497 | D:4      | Killed Edmund
  1511 | D:4      | XOM: silly message
  1515 | D:4      | XOM: silly message
  1620 | D:4      | Reached XP level 8. HP: 62/67 MP: 12/12
  1738 | D:4      | XOM: divination: detect items
  1931 | D:5      | Entered Level 5 of the Dungeon
  1987 | D:5      | XOM: silly message
  1990 | D:5      | XOM: potion effect (agility)
  2038 | D:5      | XOM: silly message
  2089 | D:5      | XOM: divination: detect items
  2102 | D:5      | Found a staircase to the Ecumenical Temple.
  2113 | D:5      | XOM: potion effect (agility)
  2139 | D:5      | XOM: potion effect (brilliance)
  2177 | Temple   | Entered the Ecumenical Temple
  2312 | D:5      | XOM: divination: detect creatures
  2321 | D:5      | XOM: harmless Pois miscast
  2336 | D:5      | XOM: 2-stop teleportation journey
  2454 | D:5      | Found a bloodstained altar of Trog.
  2499 | D:5      | XOM: summons 4 hostile demons
  2605 | D:5      | XOM: summons friendly ufetubus
  2607 | D:5      | XOM: 5-stop teleportation journey
  2661 | D:5      | XOM: summons 4 hostile demons
  2667 | D:5      | XOM: severe Erth miscast
  2729 | D:5      | XOM: divination: magic mapping
  2772 | D:5      | XOM: mild Chrm miscast
  2814 | D:5      | XOM: potion effect (agility)
  2853 | D:5      | Noticed Prince Ribbit
  2856 | D:5      | XOM: cast spell 'Monstrous Menagerie'
  2868 | D:5      | Killed Prince Ribbit
  3120 | D:5      | XOM: divination: detect items
  3207 | D:6      | XOM: cast spell 'Alistair's Intoxication'
  3233 | D:6      | Reached XP level 9. HP: 26/72 MP: 14/14
  3497 | D:6      | Learned a level 2 spell: Sticks to Snakes
  3501 | D:6      | Found a transporter.
  3505 | D:6      | Found a transporter.
  3507 | D:6      | Noticed Anon1729's ghost (amateur OpFi)
  3582 | D:6      | Found a sparkling altar of Nemelex Xobeh.
  3708 | D:6      | Found a deep blue altar of Sif Muna.
  3968 | D:6      | XOM: summons friendly iron imp
  4041 | D:7      | XOM: butterfly on damage
  4047 | D:7      | XOM: confuse monster(s)
  4166 | D:7      | Found a sacrificial altar of Ru.
  4237 | D:7      | XOM: fog
  4298 | D:7      | Found Kist's Jewellery Shoppe.
  4499 | D:7      | XOM: confuse monster(s)
  4501 | D:7      | Reached skill level 5 in Dodging
  4910 | D:8      | XOM: cast spell 'Cause Fear'
  4942 | D:8      | XOM: silly message
  5043 | D:8      | XOM: scenery: 1 doors open
  5234 | D:8      | XOM: mild Fire miscast
  5355 | D:8      | Found a deep blue altar of Sif Muna.
  5366 | D:8      | Reached skill level 5 in Invocations
  5446 | D:7      | XOM: summons 4 hostile demons
  5708 | D:8      | Reached XP level 10. HP: 75/80 MP: 17/17
  6203 | D:8      | Found a glowing golden altar of the Shining One.
  6207 | D:8      | XOM: enchant monster (bad)
  6515 | D:8      | XOM: 1-stop teleportation journey
  6545 | D:9      | XOM: divination: detect items
  6560 | D:8      | Reached skill level 5 in Short Blades
  6560 | D:8      | Reached skill level 5 in Axes
  6560 | D:8      | Reached skill level 5 in Maces & Flails
  6560 | D:8      | Reached skill level 5 in Polearms
  6560 | D:8      | Reached skill level 5 in Staves
  6560 | D:8      | Reached skill level 5 in Slings
  6560 | D:8      | Reached skill level 5 in Bows
  6560 | D:8      | Reached skill level 5 in Crossbows
  6560 | D:8      | Reached skill level 5 in Throwing
  6560 | D:8      | Reached skill level 5 in Stealth
  6560 | D:8      | Reached skill level 5 in Shields
  6560 | D:8      | Reached skill level 5 in Unarmed Combat
  6560 | D:8      | Reached skill level 5 in Spellcasting
  6560 | D:8      | Reached skill level 5 in Evocations
  6656 | D:8      | XOM: scenery: create altars
  6766 | D:8      | XOM: summons 1 hostile demon
  7037 | D:9      | XOM: harmless Tloc miscast
  7216 | D:9      | XOM: divination: detect creatures
  7218 | D:9      | XOM: cast spell 'Summon Butterflies'
  7289 | D:9      | XOM: divination: magic mapping
  7293 | D:9      | XOM: confuse monster(s)
  7344 | D:9      | XOM: summons friendly shadow imp
  7350 | D:9      | XOM: cast spell 'Alistair's Intoxication'
  7539 | D:8      | XOM: draining
  7562 | D:8      | XOM: give mutations
  7562 | D:8      | Gained mutation: You are clumsy. (Dex -2) [Xom's mischief]
  7562 | D:8      | Gained mutation: You are dopey. (Int -2) [Xom's mischief]
  7642 | D:8      | XOM: give mutations
  7642 | D:8      | Gained mutation: You occasionally shout uncontrollably at
                  | your foes. [Xom's mischief]
  7642 | D:8      | Gained mutation: You are partially covered in thin metallic
                  | scales. (AC +2) [Xom's mischief]
  7642 | D:8      | Gained mutation: You are frail. (-10% HP) [Xom's mischief]
  7804 | D:9      | XOM: stat loss: -1 Str (15/16)
  7809 | D:9      | XOM: mild Fire miscast
  7819 | D:9      | XOM: confusion
  7828 | D:9      | XOM: confusion
  7830 | D:9      | Slain by a bullfrog

Levels and vault maps discovered:
D:1:      minmay_arrival_five_plusses, layout_basic,
          chequers_serial_rivers_room_a, minmay_distorted
D:2:      layout_basic, old_standard_altar, uniq_sigmund, uniq_terence,
          uniq_natasha
D:3:      layout_rooms, lemuel_doored_altar, portal_sewer_entry_c,
          nicolae_ru_path_of_blood, uniq_robin
D:4:      layout_basic, dancing_weapons_uskayaw, first_ration, uniq_edmund,
          uniq_pikel
D:5:      layout_cave_pods, kennysheep_little_box,
          minmay_temple_entry_sparse_star, uniq_prince_ribbit1
D:6:      layout_rooms, led_sif_pool, nicolae_overflow_hidden_temple,
          gammafunk_ghost_hive, eino_tiny_chamber, minmay_circle_x
D:7:      layout_loops_ring, old_standard_altar, serial_shops, shop_fountains
D:8:      layout_gridville, nicolae_tso_besieged_by_evil, basic_altar,
          hangedman_pestilent_swarm, st_stairs_4, centaur_isle
D:9:      layout_stronghold, kennysheep_mini_moat, tgw_kikubaaqudgha
Temple:   nicolae_temple_god_jail
Sewer:    sewer_the_crocodile

Skill      XL: |  1  2  3  4  5  6  7  8  9 10 |
---------------+-------------------------------+-----
Invocations    | 1 2 3 4 5 |  5.8
Short Blades   | 1 2 3 4 5 |  5.3
Axes           | 1 2 3 4 5 |  5.3
Maces & Flails | 1 2 3 4 5 |  5.3
Polearms       | 1 2 3 4 5 |  5.3
Staves         | 1 2 3 4 5 |  5.3
Slings         | 1 2 3 4 5 |  5.3
Bows           | 1 2 3 4 5 |  5.3
Crossbows      | 1 2 3 4 5 |  5.3
Throwing       | 1 2 3 4 5 |  5.3
Stealth        | 1 2 3 4 5 |  5.3
Shields        | 1 2 3 4 5 |  5.3
Unarmed Combat | 1 2 3 4 5 |  5.3
Spellcasting   | 1 2 3 4 5 |  5.3
Evocations     | 1 2 3 4 5 |  5.3
Conjurations   | 1 2 3 4 |  4.4
Hexes          | 1 2 3 4 |  4.4
Charms         | 1 2 3 4 |  4.4
Summonings     | 1 2 3 4 |  4.4
Necromancy     | 1 2 3 4 |  4.4
Translocations | 1 2 3 4 |  4.4
Transmutations | 1 2 3 4 |  4.4
Fire Magic     | 1 2 3 4 |  4.4
Ice Magic      | 1 2 3 4 |  4.4
Air Magic      | 1 2 3 4 |  4.4
Earth Magic    | 1 2 3 4 |  4.4
Poison Magic   | 1 2 3 4 |  4.4
Dodging        | 3 4 5 6 |  6.0
Fighting       | 7 8 |  8.5
Long Blades    | 7 8 |  8.5
Armour         | 5 6 7 |  7.1

Action                   |  1- 3 |  4- 6 |  7- 9 | 10-12 || total
-------------------------+-------+-------+-------+-------++-------
Melee: Falchion          |    43 |   133 |   447 |   189 ||   812
       Bite              |     8 |    22 |    78 |    30 ||   138
       Punch             |       |       |    15 |     9 ||    24
Evoke: Wand              |       |       |       |     6 ||     6
  Use: Scroll            |     1 |       |     5 |       ||     6
       Potion            |       |       |     4 |     4 ||     8
 Stab: Paralysed         |     4 |     3 |    12 |     2 ||    21
       Sleeping          |     1 |       |     2 |     4 ||     7
       Confused          |       |     1 |       |     1 ||     2
       Petrified         |       |       |     6 |       ||     6
       Petrifying        |       |       |     3 |       ||     3
       Distracted        |       |       |     2 |       ||     2
  Eat: Chunk             |       |     1 |    15 |     1 ||    17
       Ration            |       |       |       |     2 ||     2
Armor: Leather armour    |    14 |    36 |   156 |    54 ||   260
Dodge: Dodged            |    34 |   126 |   331 |   176 ||   667
       Rpst.: Falchion   |    12 |    30 |    95 |    42 ||   179

Table legend:
 A = Non-vault XP
 B = Vault XP
 C = Vault XP percentage of total XP
 D = Non-vault monster count
 E = Vault monster count
 F = Vault count percentage of total count
                 A         B        C        D         E       F
            +---------+---------+-------+---------+---------+-------
      Total |    5130 |    2238 |  30.4 |     172 |      52 |  23.2
            +---------+---------+-------+---------+---------+-------
        D:1 |       4 |       0 |   0.0 |       2 |       0 |   0.0
        D:2 |      40 |      36 |  47.4 |      13 |       1 |   7.1
        D:3 |      92 |      48 |  34.3 |      25 |      18 |  41.9
        D:4 |     146 |     740 |  83.5 |       6 |       2 |  25.0
        D:5 |     604 |     165 |  21.5 |      24 |       1 |   4.0
        D:6 |     530 |      50 |   8.6 |      15 |       2 |  11.8
        D:7 |    1035 |       0 |   0.0 |      27 |       0 |   0.0
        D:8 |    1820 |    1095 |  37.6 |      36 |      22 |  37.9
        D:9 |     859 |       0 |   0.0 |      24 |       0 |   0.0
      Sewer |       0 |     104 | 100.0 |       0 |       6 | 100.0
            +---------+---------+-------+---------+---------+-------
